AoeStats
← 晚辞

Nomad

510523840Analyzed
4v4 RM · 2d ago on Oct 1, 2026· 43m 7s· 8 players
Game mode
Random Map
Map size
231×231
Population
200
Speed
Normal
Resources
Standard
Victory
Conquest
Starting age
Dark Age
Ending age
Imperial Age
RankedLock teamsTeams togetherTeam positionsShared explorationLock speedFull tech treeHidden civsTurbo modeCheats
Victory
Defeat
🇹🇼 Turks · Taiwan
1790
+7
🇹🇼 Mongols · Taiwan
1678
+10
🇹🇼 Persians · Taiwan
1670
+10
🇹🇼 Vietnamese · Taiwan
1558
+14
🇨🇳 Japanese · China
1563
-11
🇨🇳 Teutons · China
1558
-11
🇨🇳 Mapuche · China
1542
-10
🇨🇳 Mongols · China
1505
-9
hanson013
5:09 Loom
13:06 Feudal Age
16:38 Castle Age
15:40 Double-Bit Axe
17:41 Bow Saw
17:23 Fletching
21:49 Bodkin Arrow
26:44 Fishing Lines
29:32 Wheelbarrow
30:15 Ballistics
30:05 Padded Archer Armor
33:46 Imperial Age
31:34 Town Watch
33:09 Padded Archer Armor
34:55 Bracer
36:14 Leather Archer Armor
36:01 Stone Mining
36:05 Gold Mining
36:38 Hand Cart
37:49 Chemistry
38:00 Paper Money
38:53 Elite Rattan Archer
41:55 Ring Archer Armor
41:45 Heated Shot
43:11 Siege Engineers
Kevin10_7414
14:06 Feudal Age
14:29 Double-Bit Axe
19:12 Castle Age
18:01 Forging
19:50 Medium Warships
20:11 Bow Saw
21:07 Iron Casting
23:04 Horse Collar
26:48 Fishing Lines
28:14 Wheelbarrow
27:25 Town Watch
27:46 Gillnets
27:51 Loom
29:49 Loom
30:19 Hand Cart
31:16 Scale Barding Armor
34:31 Imperial Age
32:57 Bloodlines
33:09 Chain Barding Armor
32:55 Husbandry
32:59 Gold Mining
34:20 Cavalier
35:36 Plate Barding Armor
35:40 Gold Shaft Mining
34:49 Light Cavalry
35:55 Savar
38:12 Blast Furnace
37:17 Fletching
42:19 Two-Man Saw
41:22 Heavy Plow
41:17 Stone Mining
42:52 Stone Shaft Mining
42:41 Bodkin Arrow
43:07 Ballistics
43:48 Chemistry
43:14 Conscription
FUFU
3:42 Loom
13:41 Feudal Age
23:49 Double-Bit Axe
25:51 Fishing Lines
35:35 Castle Age
34:54 Gold Mining
36:10 Gillnets
37:17 Wheelbarrow
36:42 Stone Mining
42:29 Imperial Age
40:46 Padded Archer Armor
41:29 Hand Cart
43:33 Leather Archer Armor
Eddie29_1314
4:39 Loom
10:35 Loom
12:59 Feudal Age
14:05 Town Watch
16:55 Castle Age
15:19 Stone Mining
15:37 Double-Bit Axe
17:55 Medium Warships
21:08 Fletching
21:28 Forging
23:37 Fishing Lines
29:27 Wheelbarrow
29:37 Bodkin Arrow
33:00 Ballistics
34:00 Stone Shaft Mining
33:15 Gold Mining
35:04 Bow Saw
35:34 Town Watch
36:09 Bloodlines
40:51 Imperial Age
38:52 Padded Archer Armor
39:17 Husbandry
39:28 Gillnets
40:47 Gold Shaft Mining
41:16 Masonry
41:29 Leather Archer Armor
43:46 Hoardings
给你一棒槌
11:01 Loom
13:11 Feudal Age
16:43 Castle Age
14:42 Double-Bit Axe
15:14 Gold Mining
17:36 Medium Warships
18:30 Bow Saw
18:47 Forging
30:46 Horse Collar
32:25 Heavy Plow
33:09 Wheelbarrow
32:22 Town Watch
33:19 Gold Shaft Mining
37:15 Imperial Age
35:05 Fletching
35:42 Padded Archer Armor
36:35 Malon
37:18 Elite Bolas Rider
40:05 Chemistry
40:19 Ballistics
40:16 Butalmapu
42:54 Bodkin Arrow
43:15 Leather Archer Armor
晚辞
4:38 Loom
14:09 Feudal Age
14:51 Double-Bit Axe
15:14 Double-Bit Axe
18:01 Castle Age
16:52 Gold Mining
19:50 Fletching
21:43 Bodkin Arrow
27:52 Ballistics
32:09 Horse Collar
36:46 Padded Archer Armor
37:40 Husbandry
38:07 Bloodlines
39:26 Leather Archer Armor
shenxu
6:05 Loom
26:19 Feudal Age
29:59 Castle Age
27:46 Double-Bit Axe
27:42 Horse Collar
真的很弱
13:52 Feudal Age
13:10 Loom
17:48 Castle Age
15:46 Town Watch
16:15 Double-Bit Axe
17:00 Fletching
17:10 Padded Archer Armor
17:00 Fishing Lines
17:21 Gold Mining
18:34 Bodkin Arrow
19:16 Bow Saw
19:54 Husbandry
20:05 Bloodlines
20:19 Horse Collar
22:02 Wheelbarrow
23:37 Leather Archer Armor
28:08 Ballistics
32:49 Imperial Age
30:50 Treadmill Crane
31:19 Pikeman
32:00 Squires
32:53 Halberdier
33:58 Bracer
35:38 Chemistry
34:30 Arson
36:12 Ring Archer Armor
36:48 Scale Mail Armor
37:08 Heavy Plow
38:04 Chain Mail Armor
38:25 Conscription
40:09 Forging
41:44 Plate Mail Armor
Connection lost

Rejoining the realm…

Still unreachable

The connection could not be restored.

Session expired

The server has moved on; the page needs a fresh start.